 Dungeon Crawl Stone Soup version 0.30-a0-743-gbfdf073431 (webtiles) character file.

Game seed: 10577889773806682659

3747 kingofthe the Covert (level 10, 0/60 HPs)
             Began as an Octopode Conjurer on Feb 5, 2023.
             Was an Initiate of Sif Muna.
             Slain by a kobold brigand
             ... wielding a +0 whip
              (3 damage)
             ... on level 7 of the Dungeon on Feb 7, 2023.
             The game lasted 01:03:54 (11329 turns).

kingofthe the Covert (Octopode Conjurer)           Turns: 11329, Time: 01:03:55

Health: 0/60       AC:  1    Str:  6    XL:     10   Next: 15%
Magic:  0/17       EV: 17    Int: 21    God:    Sif Muna [......]
Gold:   315        SH:  0    Dex: 15    Spells: 6/19 levels left

rFire   . . .      SeeInvis .    a - +3 long sword (drain)
rCold   + . .      Faith    .    (no shield)
rNeg    . . .      Spirit   .    (helmet restricted)
rPois   .          Reflect  .    v - amulet of regeneration
rElec   .          Harm     .    m - ring of wizardry
rCorr   .          Rampage  .    n - ring of protection from cold
Will    .....                    (no ring)
Stlth   ++++++                   (no ring)
HPRegen 1.10/turn                (no ring)
MPRegen 0.15/turn                (no ring)
                                 (no ring)
                                 (no ring)

@: slowed, studying Stealth, very slow
A: almost no armour, amphibious, 8 rings, camouflage 1, gelatinous body 1,
(nimble swimmer 1), tentacles
a: Renounce Religion


You were on level 7 of the Dungeon.
You worshipped Sif Muna.
Sif Muna was noncommittal.
You visited 2 branches of the dungeon, and saw 8 of its levels.

You collected 315 gold pieces.

Inventory:

Hand Weapons
 a - a +3 long sword of draining (weapon)
 p - a +0 sling of freezing
 t - a +3 spear
 u - a +1 short sword of draining
Jewellery
 i - an amulet of guardian spirit
 m - a ring of wizardry (left tentacle)
 n - a ring of protection from cold (right tentacle)
 v - an amulet of regeneration (around mantle)
Wands
 j - a wand of paralysis (5)
Scrolls
 e - 3 scrolls of teleportation
 f - a scroll of enchant armour
 h - 5 scrolls of identify
 o - a scroll of fog
Potions
 b - 2 potions of brilliance
 c - 2 potions of ambrosia
 d - 3 potions of curing
 g - a potion of heal wounds {unknown}
 k - a potion of haste
 l - 2 potions of degeneration {unknown}
 q - a potion of lignification {unknown}
 r - a potion of invisibility {unknown}
 s - a potion of might {unknown}
 w - a potion of berserk rage {unknown}
 x - a potion of mutation {unknown}
 z - 2 potions of attraction
 A - a potion of flight {unknown}
 B - 2 potions of magic


   Skills:
 - Level 2.0 Fighting
 + Level 8.4 Dodging
 + Level 11.2 Stealth
 - Level 5.0 Spellcasting
 + Level 7.1 Conjurations
 + Level 4.2 Hexes
 + Level 2.2 Summonings
 - Level 3.0 Air Magic


You had 6 spell levels left.
You knew the following spells:

 Your Spells              Type           Power      Damage    Failure   Level
a - Magic Dart            Conj           100%       1d8       1%          1
b - Searing Ray           Conj           70%        2d7       1%          2
c - Summon Lightning Spi  Summ/Air       16%        N/A       16%         4
d - Fulminant Prism       Conj/Hex       14%        3d8       4%          4
e - Freeze                Ice            20%        1d4       4%          1
y - Apportation           Tloc           10%        N/A       4%          1

Your spell library contained the following spells:

 Spells                   Type           Power      Damage    Failure   Level
 Summon Small Mammal      Summ           56%        N/A       1%          1
 Dazzling Flash           Conj/Hex       58%        N/A       1%          3
 Hailstorm                Conj/Ice       20%        3d6       3%          3
 Summon Guardian Golem    Hex/Summ       18%        N/A       3%          3
 Call Canine Familiar     Summ           14%        N/A       5%          3
 Iskenderun's Mystic Bla  Conj/Tloc      20%        2d6       11%         4
 Frozen Ramparts          Ice            10%        1d2       13%         3
 Ice Form                 Ice/Tmut       5%         N/A       38%         4
 Alistair's Intoxication  Tmut/Pois      3%         N/A       71%         5
 Simulacrum               Ice/Necr       2%         N/A       99%         6
 Storm Form               Tmut/Air       5%         N/A       100%        7
 Maxwell's Capacitive Co  Air            8%         ∞         100%        8


Dungeon Overview and Level Annotations

Branches:
Dungeon (7/15)             Temple (1/1) D:5

Altars:
Ashenzari
Dithmenos
Elyvilon
Fedhas
Gozag
Hepliaklqana
Kikubaaqudgha
Makhleb
Nemelex Xobeh
Okawaru
Qazlal
Ru
Sif Muna
Trog
Uskayaw
Vehumet
Wu Jian
Xom
Yredelemnul
Zin

Shops:
D:3 ?   D:5 =

Annotations:
D:5 Edmund
D:7 exclusion: upstairs


Innate Abilities, Weirdness & Mutations

You cannot wear most types of armour.
You are amphibious.
You can wear up to eight rings at the same time.
Your skin changes colour to match your surroundings (Stealth+).
Your rubbery body absorbs attacks. (AC +1, EV +1)
((You are camouflaged when in or above water. (Stealth+)))
You have tentacles for arms and can constrict up to eight enemies at once.


Message History

The searing ray hits the kobold brigand!
The kobold brigand is severely wounded. (Press . to maintain the ray.)
You feel extremely sick.
The searing ray hits the kobold brigand.
The kobold brigand is almost dead.
You feel very sick. The kobold brigand misses you. x2
You feel better.
The kobold brigand hits you with a +0 whip.
Okay, then.
Casting: Searing Ray (safe; 1% risk of failure)
Confirm with . or Enter, or press ? or * to list all spells.
Aiming: Searing Ray (safe; 1% risk of failure)
Press: ? - help, Shift-Dir - straight line, f/p - kobold brigand
Aim: a kobold brigand, wielding a +0 whip, wearing a +0 ring mail and quivering curare-tipped darts (almost dead, 78% to hit)
The searing ray misses the kobold brigand. (Press . to maintain the ray.)
The kobold brigand hits you with a +0 whip.
The kobold brigand hits you with a +0 whip!
* * * LOW HITPOINT WARNING * * *
The searing ray misses the kobold brigand.
The kobold brigand completely misses you.
The searing ray misses the kobold brigand.
The kobold brigand hits you with a +0 whip!
* * * LOW HITPOINT WARNING * * *
The kobold brigand hits you with a +0 whip.
* * * LOW HITPOINT WARNING * * *
Okay, then.
Okay, then.
You are too injured to fight recklessly!
Casting: Searing Ray (safe; 1% risk of failure)
Confirm with . or Enter, or press ? or * to list all spells.
Aiming: Magic Dart (safe; 1% risk of failure)
Press: ? - help, Shift-Dir - straight line, f/p - kobold brigand
Aim: a kobold brigand, wielding a +0 whip, wearing a +0 ring mail and quivering curare-tipped darts (severely wounded, 100% to hit)
The magic dart hits the kobold brigand but does no damage.
The kobold brigand is severely wounded.
The kobold brigand hits you with a +0 whip.
You die...

#.....# #.# #.#####.# #######
....#####.#
#.#####.####......
#####.....#
#.##.........##### #...####
#.##.##.##.#.##### #...#
#.##.##....#...##. #...#
#........#####.##. #...#####
####.###...#...##. #...#...#
#......###.#.#####
####...#.#.### #@##.#>#.....#
#
.........#...###K##.#.#.....#
#
.......#####................#
#
.........#...##....##.#.....#
#
####...#.#.####....##.#.....#
# #...#...# #.......####### #
#...##### ##....#.## # #...#
#.......# #...# #.#..#..#


You could see a kobold brigand.

Vanquished Creatures
  Pikel (D:6)
  Maggie (D:7)
  Prince Ribbit (D:5)
  A steam dragon (D:7)
  2 water moccasins
  3 sky beasts
  2 black bears
  5 ice beasts
  2 centaurs (D:5)
  An ogre (D:5)
  4 lemures
  A phantom (D:4)
  4 bullfrogs (D:7)
  3 scorpions
  4 wights
  A howler monkey (D:7)
  4 jellies
  2 hounds (D:5)
  An orc priest (D:7)
  A gnoll bouda (D:6)
  Terence (D:3)
  5 orc wizards
  3 gnolls (D:6)
  4 adders (D:2)
  3 shadow imps (D:7)
  3 white imps (D:7)
  An ufetubus (D:5)
  A worm (D:2)
  2 dart slugs
  16 orcs
  6 ball pythons
  8 endoplasms
  2 giant cockroaches
  5 goblins
  5 hobgoblins
  4 kobolds
  2 quokkas (D:4)
  3 bats (D:1)
  5 frilled lizards
  6 rats
129 creatures vanquished.

Vanquished Creatures (others)
  An orc wizard (D:4)
  An orc (D:3)
  34 fulminant prisms
36 creatures vanquished.

Grand Total: 165 creatures vanquished

Notes
Turn   | Place    | Note
-------+----------+-------------------------------------------
     0 | D:1      | kingofthe the Octopode Conjurer began the quest for the
                  | Orb.
     0 | D:1      | Reached XP level 1. HP: 11/11 MP: 3/3
   236 | D:1      | Reached XP level 2. HP: 17/17 MP: 3/5
   261 | D:1      | Found a faded altar of an unknown god.
   288 | D:1      | Reached skill level 3 in Stealth
   291 | D:1      | Learned a level 2 spell: Searing Ray
  1078 | D:2      | Reached XP level 3. HP: 21/21 MP: 3/6
  1656 | D:2      | Reached XP level 4. HP: 27/27 MP: 5/8
  2163 | D:3      | Noticed Terence
  2293 | D:3      | Killed Terence
  2404 | D:3      | Found Jareoniv's Magic Scroll Boutique.
  2532 | D:3      | Reached XP level 5. HP: 31/31 MP: 3/9
  2630 | D:3      | Found a bloodstained altar of Trog.
  2744 | D:3      | Reached skill level 4 in Stealth
  3526 | D:4      | Noticed a phantom
  3577 | D:4      | Learned a level 1 spell: Apportation
  3621 | D:4      | Found a sacrificial altar of Ru.
  3682 | D:4      | Reached XP level 6. HP: 36/36 MP: 7/11
  3842 | D:4      | You fall into a shaft and drop 2 floors!
  3857 | D:6      | Learned a level 4 spell: Summon Lightning Spire
  3897 | D:5      | Entered Level 5 of the Dungeon
  3922 | D:5      | Found a staircase to the Ecumenical Temple.
  3925 | D:5      | Found Ugedaukk's Jewellery Emporium.
  3931 | Temple   | Entered the Ecumenical Temple
  4462 | D:5      | Reached skill level 1 in Air Magic
  4462 | D:5      | Reached XP level 7. HP: 17/41 MP: 2/13
  4714 | D:4      | Found a broken altar of Ashenzari.
  4796 | D:4      | Reached skill level 5 in Stealth
  4897 | D:4      | Reached skill level 5 in Conjurations
  5072 | D:4      | Found a shimmering blue altar of Sif Muna.
  5076 | D:4      | Became a worshipper of Sif Muna the Loreminder
  5151 | D:4      | Learned a level 4 spell: Fulminant Prism
  5228 | D:4      | Found a basalt altar of Yredelemnul.
  5709 | D:5      | Noticed Prince Ribbit
  5737 | D:5      | Killed Prince Ribbit
  5738 | D:5      | Reached skill level 1 in Fighting
  5738 | D:5      | Reached skill level 5 in Dodging
  5738 | D:5      | Reached XP level 8. HP: 16/48 MP: 2/14
  6084 | D:5      | Reached skill level 6 in Stealth
  6084 | D:5      | Reached skill level 1 in Hexes
  6259 | D:6      | Noticed a two-headed ogre
  6410 | D:6      | Noticed Edmund
  7414 | D:6      | Noticed Pikel
  7525 | D:6      | Killed Pikel
  7526 | D:6      | Reached skill level 7 in Stealth
  7526 | D:6      | Reached skill level 5 in Spellcasting
  7849 | D:6      | Reached XP level 9. HP: 48/54 MP: 8/16
  8011 | D:6      | Reached skill level 8 in Stealth
  8706 | D:7      | Reached skill level 9 in Stealth
  9034 | D:7      | Noticed a komodo dragon
  9235 | D:7      | Found an ornate altar of the Wu Jian Council.
  9260 | D:7      | Learned a level 1 spell: Freeze
  9288 | D:7      | Noticed a two-headed ogre
  9314 | D:7      | Noticed Maggie
  9740 | D:7      | Reached skill level 10 in Stealth
 10102 | D:6      | Reached skill level 1 in Summonings
 10410 | D:7      | Killed Maggie
 10411 | D:7      | Reached XP level 10. HP: 60/60 MP: 1/17
 10735 | D:7      | Reached skill level 11 in Stealth
 11328 | D:7      | HP: 2/60 [kobold brigand/+0 whip (6)]
 11329 | D:7      | Slain by a kobold brigand

Illustrated notes

Levels and vault maps discovered:
D:1:      lightli_molten_gateway, layout_loops_ring,
          chequers_ecumenical_altar_simple_redux, minmay_statues_item,
          grunt_decor_resistance, minmay_pentomino_r4
D:2:      layout_rooms, nicolae_half_adder
D:3:      layout_loops_ring, trog_book, serial_shops, shop, serial_bayou_ford_a,
          uniq_terence
D:4:      layout_basic, led_sif_book, lemuel_coloured_pillars_altar,
          grunt_temple_overflow_open
D:5:      layout_basic, minmay_temple_entry_butterflies, serial_shops, shop,
          minmay_manual_mares, uniq_prince_ribbit1
D:6:      layout_rooms, uniq_pikel, uniq_edmund
D:7:      layout_loops_cross, nzn_wu_jian_contemplation, minmay_joined_circles,
          uniq_maggie
Temple:   eino_temple_water

Skill      XL: |  1  2  3  4  5  6  7  8  9 10 |
---------------+-------------------------------+-----
Stealth        | 3 4 5 7 10 11 | 11.2
Dodging        | 3 4 5 6 8 |  8.4
Spellcasting   | 3 4 5 |  5.0
Air Magic      | 1 2 3 |  3.0
Conjurations   | 5 7 |  7.1
Fighting       | 1 2 |  2.0
Hexes          | 2 4 |  4.2
Summonings     | 1 2 |  2.2

Action                     |  1- 3 |  4- 6 |  7- 9 | 10-12 || total
---------------------------+-------+-------+-------+-------++-------
  Melee: Unarmed           |     2 |       |       |       ||     2
         Tentacles         |     1 |     1 |     1 |       ||     3
         Constrict         |     1 |     1 |       |       ||     2
         Short sword       |       |     3 |     3 |       ||     6
   Cast: Magic Dart        |    67 |    56 |    53 |     6 ||   182
         Searing Ray       |     3 |    19 |    69 |     8 ||    99
         Apportation       |       |       |     1 |       ||     1
         Fulminant Prism   |       |       |    29 |     6 ||    35
         Freeze            |       |       |     3 |       ||     3
         Summon Lightning  |       |       |       |     4 ||     4
  Evoke: Wand              |       |       |     3 |       ||     3
    Use: Scroll            |       |     1 |    13 |       ||    14
         Potion            |       |       |     3 |     2 ||     5
   Stab: Sleeping          |     1 |       |     1 |       ||     2
 Armour: Skin              |     2 |     2 |     7 |       ||    11
  Dodge: Dodged            |     3 |    51 |   110 |    24 ||   188

Table legend: (Time is in decaauts)
 A = Elapsed time spent in this place.
 B = Non-inter-level travel time spent in this place.
 C = Inter-level travel time spent in this place.
 D = Time resting spent in this place.
 E = Time spent auto-exploring this place.
 F = Levels seen in this place.
 G = Mean time per level.
                   A        B        C        D        E       F      G
               +--------+--------+--------+--------+--------+-----+--------+
         Total |  11348 |  10315 |   1033 |   2475 |   5538 |   8 | 1418.5 |
       Dungeon |  11098 |  10088 |   1010 |   2475 |   5325 |   7 | 1585.4 |
        Temple |    249 |    226 |     23 |      0 |    213 |   1 |  249.0 |
               +--------+--------+--------+--------+--------+-----+--------+

Top non-repeatable levels by time:
     D:6: 2397 daAuts
     D:7: 1983 daAuts
     D:5: 1777 daAuts
     D:4: 1484 daAuts
     D:3: 1392 daAuts
     D:1: 1122 daAuts
     D:2: 941 daAuts
  Temple: 249 daAuts
